 Dungeon Crawl Stone Soup version 0.31-a0-348-g810772c3d7 (webtiles) character file.

Game seed: 6781857811039755584

49 Bnni the Insei (level 3, -4/24 HPs)
             Began as an Octopode Shapeshifter on July 23, 2023.
             Slain by Sigmund
             ... wielding a +0 scythe
              (12 damage)
             ... on level 2 of the Dungeon.
             The game lasted 00:01:59 (1076 turns).

Bnni the Insei (Octopode Shapeshifter)              Turns: 1076, Time: 00:02:00

Health: -4/24      AC:  1    Str: 14    XL:     3   Next: 77%
Magic:  3/3        EV: 13    Int: 10    God:
Gold:   58         SH:  0    Dex: 14    Spells: 2/2 levels left

rFire   . .          .
                       - Unarmed
rCold   . . .        (no shield)
rNeg    . . .        c - melded +0 hat
rPois   .            (no amulet)
rElec   .            (no ring)
rCorr   .            (no ring)
SInv    .            (no ring)
Will    .....        (no ring)
Stlth   ++           (no ring)
HPRegen 0.24/turn    (no ring)
MPRegen 0.08/turn    (no ring)
                     (no ring)

%: no passive effects
@: beast-form, hasted, very quick
A: beast (slay +2), almost no armour, amphibious, 8 rings, camouflage 1,
gelatinous body 1, (nimble swimmer 1), tentacles
a: Begin Untransformation


You were on level 2 of the Dungeon.
You were a hulking beast.
You visited 1 branch of the dungeon, and saw 2 of its levels.

You collected 58 gold pieces.

Inventory:

Armour
 c - a +0 hat (melded)
Jewellery
 e - a ring of ice
Talismans
 b - a beast talisman
 g - a storm talisman
Scrolls
 f - 2 scrolls of immolation {unknown}
 h - 2 scrolls of blinking {unknown}
Potions
 a - a potion of lignification
 d - 2 potions of haste


   Skills:
 + Level 1.7 Fighting
 - Level 2.0 Dodging
 * Level 3.6 Unarmed Combat
 * Level 3.5 Shapeshifting


You had 2 spell levels left.
You didn't know any spells.
Your spell library contained the following spells:

 Spells                   Type           Power      Damage    Failure   Level
 Lesser Beckoning         Tloc           0%         N/A       50%         2
 Gell's Gravitas          Tloc           0%         N/A       75%         3
 Teleport Other           Tloc           0%         N/A       75%         3


Dungeon Overview and Level Annotations

Branches:
Dungeon (2/15)

Altars:
Uskayaw

Annotations:
D:2 Sigmund


Innate Abilities, Weirdness & Mutations

You are a hulking beast.
Your limbs bulge with bestial killing power. (Slay +2)
You cannot wear most types of armour.
You are amphibious.
You can wear up to eight rings at the same time.
Your skin changes colour to match your surroundings (Stealth+).
Your rubbery body absorbs attacks. (AC +1, EV +1)
((You are camouflaged when in or above water. (Stealth+)))
You have tentacles for arms and can constrict up to eight enemies at once.


Message History

A dart slug is nearby!
You tentacle-slap the dart slug. You grab the dart slug.
You squeeze the dart slug.
You kill the dart slug!
No target in view!
No target in view!
Found a hide-covered altar of Uskayaw.
You see here a dart slug corpse.
No target in view!
An adder comes into view.
The helpless adder fails to defend itself.
You tentacle-slap the adder. You grab the adder.
The adder is lightly wounded.
You constrict the adder. The adder bites you.
You tentacle-slap the adder but do no damage.
The adder is moderately wounded.
You constrict the adder. The adder misses you. The adder bites you.
You tentacle-slap the adder.
The adder is heavily wounded.
You constrict the adder. The adder bites you.
You bludgeon the adder!
You kill the adder!
No target in view!
Found a stone staircase leading down.
Sigmund the Dreaded comes into view.
He is wielding a +0 scythe.
Sigmund shouts!
Sigmund hits you from afar with a +0 scythe!
You bludgeon Sigmund! You grab Sigmund. You squeeze Sigmund.
Sigmund is heavily wounded.
You constrict Sigmund. Sigmund hits you with a +0 scythe.
You are too injured to fight recklessly!
You are too injured to fight recklessly!
Unknown command.
It was a potion of haste.
You feel yourself speed up.
You constrict Sigmund. You tentacle-slap Sigmund.
Sigmund is severely wounded.
You constrict Sigmund, but do no damage.
Sigmund hits you with a +0 scythe!
Ouch! That really hurt!
You die...

#....##..#.#
##.####.##.. ###
#.### #.# #.# #.# #.#
# ##.##########.#####
##..#.......h@......
##..##.#########..###
#......# # ########


You could see Sigmund.

Vanquished Creatures
  An adder (D:2)
  A dart slug (D:2)
  2 ball pythons (D:1)
  4 bats
  6 endoplasms
  A giant cockroach (D:1)
  A hobgoblin (D:1)
  4 jackals (D:1)
  3 quokkas (D:1)
  2 frilled lizards
  5 kobolds
  2 rats
32 creatures vanquished.

Notes
Turn   | Place    | Note
-------+----------+-------------------------------------------
     0 | D:1      | Bnni the Octopode Shapeshifter began the quest for the Orb.
     0 | D:1      | Reached XP level 1. HP: 13/13 MP: 1/1
   190 | D:1      | Reached XP level 2. HP: 16/18 MP: 2/2
   663 | D:1      | Reached XP level 3. HP: 19/23 MP: 3/3
   971 | D:2      | Found a hide-covered altar of Uskayaw.
  1067 | D:2      | Noticed Sigmund
  1076 | D:2      | Slain by Sigmund

Illustrated notes

Levels and vault maps discovered:
D:1:      lightli_arrival_noodles, layout_basic, minmay_vboxes
D:2:      layout_rooms, basic_altar, uniq_sigmund, uniq_robin

Action                     || total
---------------------------++-------
  Melee: Unarmed           ||    63
         Constrict         ||    16
         Tentacles         ||    10
         Punch             ||     1
Ability: Begin Untransform ||     1
    Use: Potion            ||     1
   Stab: Sleeping          ||     6
 Armour: Skin              ||     9
  Dodge: Dodged            ||    47
   Form: Beast             ||     2
         Storm             ||     1

Table legend: (Time is in decaauts)
 A = Elapsed time spent in this place.
 B = Non-inter-level travel time spent in this place.
 C = Inter-level travel time spent in this place.
 D = Time resting spent in this place.
 E = Time spent auto-exploring this place.
 F = Levels seen in this place.
 G = Mean time per level.
                   A        B        C        D        E       F      G
               +--------+--------+--------+--------+--------+-----+--------+
         Total |   1072 |   1055 |     17 |      0 |    851 |   2 |  536.0 |
       Dungeon |   1072 |   1055 |     17 |      0 |    851 |   2 |  536.0 |
               +--------+--------+--------+--------+--------+-----+--------+

Top non-repeatable levels by time:
     D:1: 882 daAuts
     D:2: 189 daAuts
